 Dungeon Crawl Stone Soup version 0.27-a0-1434-g6f15984924 (webtiles) character file.

Game seed: 933267866641237895

84070 AarnesTheHuman the Fighter (level 15, 0/109 HPs)
             Began as a Demonspawn Ice Elementalist on July 2, 2021.
             Was the Champion of Hepliaklqana.
             Slain by a redback (1 damage)
             ... on level 3 of the Lair of Beasts on July 3, 2021.
             The game lasted 03:22:00 (48200 turns).

AarnesTheHuman the Fighter (DsIE)                  Turns: 48200, Time: 03:22:00

Health: 0/109      AC: 23    Str: 14    XL:     15   Next: 34%
Magic:  28/30      EV: 11    Int: 17    God:    Hepliaklqana [******]
Gold:   1382       SH: 15    Dex: 14    Spells: 13/37 levels left

rFire    . . .     SeeInvis .   a - +2 trident (venom)
rCold    . . .     Faith    .   y - +0 kite shield
rNeg     . . .     Spirit   .   i - +2 steam dragon scales
rPois    +         Reflect  .   (helmet restricted)
rElec    .         Harm     .   (no cloak)
rCorr    .         Rampage  .   J - +2 pair of gloves
Will     +....                  (no boots)
Stlth    ++........             l - amulet of the acrobat
HPRegen  0.28/turn              w - ring of poison resistance
MPRegen  0.22/turn              Z - ring of wizardry

@: freezing walls, studying Translocations
A: reduced essence, horns 2, icy blue scales 2, demonic guardian 1, icemail 2,
condensation shield
a: Renounce Religion, Recall Ancestor, Ancestor Identity, Transference, Idealise


You were on level 3 of the Lair of Beasts.
You worshipped Hepliaklqana.
Hepliaklqana was exalted by your worship.
You visited 4 branches of the dungeon, and saw 23 of its levels.
You also visited: Ossuary.

You collected 1710 gold pieces.
You spent 328 gold pieces at shops.

Inventory:

Hand Weapons
 a - a +2 trident of venom (weapon)
 M - the +8 mace "Kereor" {vorpal, Fly}
   (You found it on level 6 of the Lair of Beasts)

   It inflicts extra damage upon your enemies.
   Fly:       It grants you flight.
Missiles
 e - 9 curare-tipped darts
Armour
 i - +2 steam dragon scales (worn)
 y - a +0 kite shield (worn)
 J - a +2 pair of gloves (worn)
Jewellery
 b - a ring of see invisible
 l - an amulet of the acrobat (around neck)
 m - a +6 ring of intelligence
 n - an amulet of regeneration
 p - a ring of willpower
 t - a ring of protection from fire
 v - a ring of resist corrosion
 w - a ring of poison resistance (left hand)
 x - a ring of flight
 z - a ring of protection from cold
 A - a ring of positive energy
 N - a +4 ring of protection
 Z - a ring of wizardry (right hand)
Wands
 u - a wand of flame (19)
 D - a wand of paralysis (23)
 K - a wand of polymorph (17)
 P - a wand of iceblast (13)
 S - a wand of acid (5)
 X - a wand of charming (5)
 Y - a wand of mindburst (12)
Scrolls
 d - 2 scrolls of immolation
 f - 2 scrolls of blinking
 g - 8 scrolls of identify
 k - 2 scrolls of amnesia
 G - 3 scrolls of enchant armour
 H - 7 scrolls of teleportation
 O - a scroll of fog
 R - a scroll of fear
 U - 2 scrolls of magic mapping
Potions
 c - 6 potions of curing
 h - 2 potions of resistance
 j - 2 potions of attraction
 o - a potion of invisibility
 q - 2 potions of brilliance
 s - 5 potions of lignification
 B - 2 potions of cancellation
 C - 4 potions of mutation
 E - 3 potions of ambrosia
 F - 6 potions of heal wounds
 W - a potion of haste


   Skills:
 + Level 12.3 Fighting
 - Level 9.0 Polearms
 - Level 9.5 Armour
 - Level 1.7 Dodging
 - Level 1.7 Stealth
 * Level 8.6 Shields
 + Level 11.6 Spellcasting
 - Level 8.0 Conjurations
 - Level 2.0 Necromancy
 - Level 5.0 Translocations
 - Level 8.5 Ice Magic
 - Level 2.5 Air Magic
 - Level 2.5 Poison Magic
 - Level 6.0 Invocations


You had 13 spell levels left.
You knew the following spells:

 Your Spells              Type           Power      Damage    Failure   Level
a - Freeze                Ice            100%       1d11      1%          1
b - Frozen Ramparts       Ice            76%        1d9       1%          3
c - Ozocubu's Armour      Ice            38%        N/A       1%          3
d - Magic Dart            Conj           100%       1d8       1%          1
e - Animate Skeleton      Necr           32%        N/A       2%          1
f - Hailstorm             Conj/Ice       37%        3d9       2%          4
g - Mephitic Cloud        Conj/Pois/Air  24%        N/A       3%          3
h - Iskenderun's Mystic   Conj/Tloc      31%        2d8       4%          4
i - Passage of Golubria   Tloc           N/A        N/A       9%          4

Your spell library contained the following spells:

 Spells                   Type           Power      Damage    Failure   Level
 Apportation              Tloc           52%        N/A       1%          1
 Ensorcelled Hibernation  Hex/Ice        48%        N/A       1%          2
 Pain                     Necr           64%        1d7       2%          1
 Sting                    Tmut/Pois      56%        1d5       4%          1
 Sublimation of Blood     Necr           8%         N/A       4%          2
 Dazzling Flash           Conj/Hex       46%        N/A       4%          3
 Beastly Appendage        Tmut           18%        N/A       7%          1
 Corona                   Hex            10%        N/A       7%          1
 Sandblast                Erth           18%        2d7       7%          1
 Summon Small Mammal      Summ           36%        N/A       7%          1
 Vampiric Draining        Necr           8%         2d7       9%          3
 Call Imp                 Summ           9%         N/A       11%         2
 Slow                     Hex            9%         N/A       11%         2
 Wereblood                Tmut           9%         N/A       11%         2
 Spider Form              Tmut/Pois      7%         N/A       12%         3
 Ice Form                 Ice/Tmut       24%        N/A       12%         4
 Fulminant Prism          Conj/Hex       11%        3d9       13%         4
 Freezing Cloud           Conj/Ice/Air   15%        6-21      14%         5
 Confusing Touch          Hex            9%         N/A       21%         3
 Tukima's Dance           Hex            9%         N/A       21%         3
 Irradiate                Conj/Tmut      11%        3d17      32%         5
 Metabolic Englaciation   Hex/Ice        12%        N/A       32%         5
 Cause Fear               Hex            4%         N/A       52%         4
 Petrify                  Tmut/Erth      9%         N/A       52%         4
 Summon Forest            Summ/Tloc      9%         N/A       52%         5
 Agony                    Necr           16%        N/A       58%         5
 Silence                  Hex/Air        7%         N/A       69%         5
 Conjure Ball Lightning   Conj/Air       13%        3x3d6     71%         6
 Simulacrum               Ice/Necr       13%        N/A       71%         6
 Blade Hands              Tmut           4%         N/A       86%         5
 Lee's Rapid Deconstruct  Erth           4%         3d6*      86%         5
 Summon Mana Viper        Hex/Summ       9%         N/A       86%         5
 Yara's Violent Unravell  Hex/Tmut       4%         3d4       86%         5
 Eringya's Noxious Bog    Tmut/Pois      7%         N/A       99%         6
 Shadow Creatures         Summ           N/A        N/A       100%        6
 Dragon Form              Tmut           4%         N/A       100%        7
 Summon Hydra             Summ           4%         N/A       100%        7
 Lehudib's Crystal Spear  Conj/Erth      11%        10d4      100%        8
 Polar Vortex             Ice            19%        N/A       100%        9


Dungeon Overview and Level Annotations

Branches:
Dungeon (15/15)            Temple (1/1) D:6            Lair (6/6) D:9
  Swamp (0/4) Lair:3       Spider (1/4) Lair:3        Slime (0/5) Lair:5
    Orc (0/2) D:12         Vaults (0/5) D:13         Depths (0/5) D:15
Ossuary (visited)

Altars:
Ashenzari
Cheibriados
Dithmenos
Elyvilon
Fedhas
Gozag
Hepliaklqana
Kikubaaqudgha
Makhleb
Nemelex Xobeh
Okawaru
Qazlal
Ru
Sif Muna
Trog
Uskayaw
Vehumet
Wu Jian
Xom
Yredelemnul
Zin
The Shining One

Shops:
D:10 :   D:13 (*[[

Portals:
Hell: Lair:6
Abyss: D:3

Annotations:
D:4 exclusion: steam dragon
D:9 exclusion: hexer, Fannar
D:11 2 runed translucent doors, exclusion: 2 doors
D:15 3 runed translucent doors, exclusion: 3 doors, kulik242's ghost, adept HuBe
Lair:4 1 runed translucent door, exclusions: door and downstairs, Gargoyl's ghost, journeyman GnAK


Innate Abilities, Weirdness & Mutations

Your life essence is reduced to manifest your ancestor. (-10% HP)
You have a pair of horns on your head.
You are mostly covered in icy blue scales. (AC +3)
A weak demonic guardian rushes to your aid.
A meltable icy envelope protects you from harm. (AC +8)
A meltable shield of frost defends you. (SH +4)


Message History

The redback completely misses you.
The wall freezes the wolf spider.
The wolf spider barely misses you.
The wolf spider bites you but does no damage.
The wall freezes the redback.
The redback closely misses you. You block the redback's attack.
The wall freezes the tarantella.
You block the tarantella's attack. The redback barely misses you.
The redback bites you.
You puncture the wolf spider!
The wolf spider is poisoned.
The wolf spider is moderately wounded.
The wall freezes the wolf spider.
The wolf spider hits you.
A demonic guardian appears!
The wolf spider bites you but does no damage.
The wall freezes the redback.
The redback bites you!
* * * LOW HITPOINT WARNING * * *
The redback bites you.
* * * LOW HITPOINT WARNING * * *
You are lethally poisoned!
The redback poisons you!
The wall freezes the tarantella.
You block the tarantella's attack. You block the redback's attack.
The redback bites you!
* * * LOW HITPOINT WARNING * * *
The wall freezes the wolf spider.
You block the wolf spider's attack. x2
The wall freezes the redback.
The redback bites you but does no damage.
You feel better. The redback bites you!
* * * LOW HITPOINT WARNING * * *
You block the redback's attack.
The wall freezes the tarantella.
The tarantella bites you but does no damage.
The redback closely misses you.
The wall freezes the wolf spider.
The wolf spider closely misses you. You block the wolf spider's attack.
The wall freezes the redback.
The redback bites you but does no damage.
The redback bites you!
* * * LOW HITPOINT WARNING * * *
The redback bites you.
* * * LOW HITPOINT WARNING * * *
The wall freezes the tarantella.
The tarantella bites you but does no damage.
The redback bites you.
You die...

.PP##.........##........#...##...
...P#........P###...........###..
...P#...P..####.......##P#..# #.P
......PP#### ###.....####.####.#
.....P##.#.####P#.....####.###..#
...PP#..........................#
P#.##..........4....[...........#
#P#............sss..............#
...............s@s..............#
..........###'###s..............#
.........##...####..............#
.##.....##..............##..#.#.#
..#.....##...>...#.....####..##..
.#.......#.............##....#..#
..#.....#.......#..<....#.....#.#
.#......'..............##....##.#
..#.....#.......##......#........


You could see a wolf spider (very poisoned), a tarantella (drained), 4 redbacks
and a friendly ice devil (summoned).

Vanquished Creatures
  Nessos (Lair:5)
  An ettin (D:15)
  4 boulder beetles
  6 vault guards
  A death knight (D:14)
  7 hydras
  2 centaur warriors
  5 two-headed ogres
  A hell knight (D:15)
  Urug (Lair:3)
  A sun demon (Lair:6)
  2 skeletal warriors
  A deep troll (D:15)
  A phantasmal warrior (D:13)
  3 oklob plants (Lair:4)
  A deep elf zephyrmancer (D:15)
  6 ugly things (D:15)
  2 wolf spiders (Lair:3)
  A manticore (D:14)
  4 cyclopes
  12 elephants
  Maurice (D:13)
  A gargoyle (D:13)
  An orange demon (Lair:6)
  3 cane toads
  9 komodo dragons
  6 rime drakes
  A yaktaur (D:15)
  An efreet (D:10)
  A freezing wraith (D:15)
  A red devil (Lair:6)
  A tengu conjurer (D:15)
  A jumping spider (Lair:3)
  3 meliai (D:14)
  A troll (D:14)
  2 polar bears
  A hornet (D:10)
  Prince Ribbit (D:5)
  7 slime creatures
  6 blink frogs
  4 dream sheep (Lair:6)
  A wyvern (Lair:1)
  Sigmund (D:6)
  A wraith (D:14)
  28 yaks
  8 redbacks
  A vampire (D:14)
  4 basilisks
  2 steam dragons
  A water elemental (D:15)
  A hog (D:13)
  A basilisk (shapeshifter) (D:14)
  The ghost of Fama the Skirmisher, an amateur HuAK of Lugonu (D:3)
  2 vampire mosquitoes (D:12)
  A small abomination (D:3)
  2 swamp worms (Lair:3)
  An acid dragon (D:12)
  5 hell hounds (Lair:6)
  8 water moccasins
  A floating eye (Lair:5)
  A hornet zombie (D:9)
  An ice beast (shapeshifter) (D:13)
  2 sky beasts
  3 orc warriors
  5 black bears
  An ogre (D:6)
  3 wolves
  4 centaurs
  3 bullfrogs
  2 scorpions
  A wyvern zombie (D:7)
  A wyvern skeleton (D:7)
  A water moccasin skeleton (D:4)
  4 killer bees (D:10)
  2 howler monkeys
  2 electric eels
  A bullfrog zombie (D:7)
  4 centaur zombies
  2 hounds
  2 human zombies (Ossuary)
  4 orc priests
  A jelly (D:6)
  3 centaur skeletons
  4 hexers
  An iguana (D:5)
  9 orc wizards
  A scorpion zombie (D:5)
  A mummy (Ossuary)
  A howler monkey zombie (D:8)
  11 adders
  A shadow imp (D:3)
  An adder zombie (Ossuary)
  An adder skeleton (D:4)
  A worm (D:4)
  A dart slug (D:5)
  28 orcs
  2 ball pythons (D:1)
  2 endoplasms
  10 goblins
  5 hobgoblins
  7 jackals
  21 kobolds
  3 quokkas
  10 bats
  A frilled lizard (D:2)
  4 goblin zombies (Ossuary)
  7 hobgoblin zombies (Ossuary)
  A jackal zombie (Ossuary)
  7 kobold zombies (Ossuary)
  4 orc zombies (Ossuary)
  5 rats
  A bush (Lair:3)
389 creatures vanquished.

Vanquished Creatures (collateral kills)
  Kirke (D:13)
  2 vault guards (D:12)
  3 hydras
  2 catoblepae
  A death knight (D:15)
  Sonja (Lair:6)
  A skeletal warrior (D:14)
  A bog body (Lair:3)
  2 wizards
  A deep elf pyromancer (D:9)
  A lindwurm (Lair:6)
  2 ugly things (D:13)
  3 cyclopes
  2 oklob plants
  3 black mambas
  5 elephants
  An eye of devastation (Lair:5)
  4 cane toads
  Maggie (D:9)
  2 orange demons (Lair:6)
  A rime drake (Lair:3)
  Psyche (D:11)
  A yaktaur (D:14)
  2 freezing wraiths
  3 komodo dragons
  A hellwing (Lair:6)
  A red devil (Lair:6)
  2 polar bears (Lair:6)
  A jumping spider (Lair:3)
  A troll (D:14)
  3 dream sheep
  8 slime creatures
  3 blink frogs
  A shadow (D:10)
  2 wraiths
  2 wyverns
  15 yaks
  A basilisk (Lair:5)
  A vampire mosquito (D:12)
  2 swamp worms
  3 water moccasins
  A black bear (Lair:5)
  2 wolves (Lair:3)
  2 centaurs (Lair:2)
  5 kobold brigands
  3 bullfrogs
  A killer bee (D:10)
  3 centaur zombies
  A centaur skeleton (D:4)
  5 orc priests
  2 human zombies
  An iguana (D:6)
  5 orc wizards
  A hell rat (Lair:4)
  A hound zombie (D:5)
  A hound skeleton (D:4)
  A mummy (Ossuary)
  A howler monkey zombie (D:9)
  A howler monkey skeleton (D:3)
  A shadow imp (D:4)
  7 orcs
  An endoplasm (D:2)
  A giant cockroach (D:3)
  A hobgoblin (D:3)
  4 kobolds
  A goblin zombie (Ossuary)
  3 hobgoblin zombies (Ossuary)
  2 kobold zombies (Ossuary)
  2 orc zombies (Ossuary)
154 creatures vanquished.

Vanquished Creatures (others)
  A centaur zombie (D:11)
  A water elemental (D:11)
  An air elemental (D:11)
  An acid dragon (D:11)
  An ancestor (Ossuary)
  42 hexers
  41 fungi
  43 plants
131 creatures vanquished.

Grand Total: 674 creatures vanquished

Notes
Turn   | Place    | Note
-------+----------+-------------------------------------------
     0 | D:1      | AarnesTheHuman the Demonspawn Ice Elementalist began the
                  | quest for the Orb.
     0 | D:1      | Reached XP level 1. HP: 13/13 MP: 3/3
   516 | D:1      | Gained mutation: A weak demonic guardian rushes to your
                  | aid. [demonic ancestry]
   516 | D:1      | Reached XP level 2. HP: 20/20 MP: 5/5
  1158 | D:2      | Reached skill level 1 in Fighting
  1158 | D:2      | Reached skill level 1 in Armour
  1158 | D:2      | Reached XP level 3. HP: 20/26 MP: 1/6
  1461 | D:2      | Learned a level 3 spell: Frozen Ramparts
  1582 | D:2      | Found a faded altar of an unknown god.
  2391 | D:3      | Reached XP level 4. HP: 32/32 MP: 4/7
  2470 | D:3      | Noticed a small abomination
  2515 | D:3      | Found a transporter.
  2516 | D:3      | Found a one-way gate to the infinite horrors of the Abyss.
  2516 | D:3      | Noticed Fama's ghost (amateur HuAK)
  2525 | D:3      | Found a transporter.
  2541 | D:3      | Noticed a kobold brigand
  3048 | D:3      | Found a snail-covered altar of Cheibriados.
  3412 | D:4      | Reached skill level 2 in Fighting
  4073 | D:4      | Reached XP level 5. HP: 29/38 MP: 3/9
  4229 | D:5      | Entered Level 5 of the Dungeon
  4501 | D:5      | Noticed a centaur
  5097 | D:3      | Learned a level 3 spell: Ozocubu's Armour
  5127 | D:4      | Noticed a steam dragon
  5162 | D:4      | Noticed a black bear
  5501 | D:4      | Found a shimmering blue altar of Sif Muna.
  5501 | D:4      | Found an opulent altar of Gozag.
  5501 | D:4      | Found a bloodstained altar of Trog.
  5508 | D:4      | Found an ancient bone altar of Kikubaaqudgha.
  6467 | D:5      | Reached XP level 6. HP: 27/46 MP: 10/10
  7167 | D:5      | Reached skill level 5 in Ice Magic
  7629 | D:5      | Reached skill level 3 in Fighting
  8142 | D:5      | Reached XP level 7. HP: 52/52 MP: 9/12
  8257 | D:5      | Noticed Prince Ribbit
  8293 | D:5      | Killed Prince Ribbit
  9372 | D:6      | Reached skill level 4 in Fighting
  9372 | D:6      | Gained mutation: You are partially covered in icy blue
                  | scales. (AC +2) [demonic ancestry]
  9372 | D:6      | Reached XP level 8. HP: 30/60 MP: 7/14
  9571 | D:6      | Upgraded the game from 0.27-a0-1423-ge5d6b6ab6a to
                  | 0.27-a0-1434-g6f15984924
  9573 | D:6      | Learned a level 1 spell: Magic Dart
  9686 | D:6      | Reached skill level 1 in Conjurations
  9999 | D:6      | Noticed Sigmund
 10012 | D:6      | Killed Sigmund
 10295 | D:6      | Found a staircase to the Ecumenical Temple.
 10303 | Temple   | Entered the Ecumenical Temple
 10369 | Temple   | Became a worshipper of Hepliaklqana the Forgotten
 11470 | D:6      | Gained mutation: You have a pair of small horns on your
                  | head. [demonic ancestry]
 11470 | D:6      | Reached XP level 9. HP: 59/67 MP: 9/16
 11526 | D:6      | Reached skill level 5 in Spellcasting
 11821 | D:7      | Reached skill level 5 in Fighting
 11882 | D:6      | Reached skill level 1 in Polearms
 12007 | D:6      | Learned a level 1 spell: Animate Skeleton
 12683 | D:8      | Reached skill level 1 in Necromancy
 12683 | D:8      | Reached skill level 1 in Invocations
 12685 | D:8      | Reached * piety under Hepliaklqana
 12747 | D:8      | Found a sand-covered staircase.
 12774 | Ossuary  | Entered an ossuary
 14021 | D:8      | Learned a level 4 spell: Hailstorm
 14148 | D:8      | Found a hide-covered altar of Uskayaw.
 14678 | D:9      | Found a staircase to the Lair.
 14713 | D:9      | Reached ** piety under Hepliaklqana
 14714 | D:9      | Remembered your ancestor Ingiyab as a hexer
 15161 | D:9      | Noticed Maggie
 15171 | D:9      | Killed Maggie
 15172 | D:9      | Reached skill level 6 in Fighting
 15290 | D:9      | Noticed a two-headed ogre
 15320 | D:9      | Killed a two-headed ogre
 15321 | D:9      | Reached skill level 5 in Armour
 15321 | D:9      | Gained mutation: A meltable shield of frost defends you.
                  | (SH +4) [demonic ancestry]
 15321 | D:9      | Reached XP level 10. HP: 32/68 MP: 6/19
 15569 | D:9      | Reached skill level 5 in Conjurations
 15747 | D:9      | Learned a level 3 spell: Mephitic Cloud
 16046 | D:9      | Noticed a deep elf pyromancer
 16053 | D:9      | Killed a deep elf pyromancer
 16259 | D:10     | Entered Level 10 of the Dungeon
 16438 | D:10     | Reached skill level 7 in Fighting
 16536 | D:10     | You fall into a shaft and drop 1 floor!
 16536 | D:11     | Reached *** piety under Hepliaklqana
 16730 | D:10     | Noticed Fannar
 17059 | D:10     | Identified the +3 chain mail of Midsummer {Will+}
 17116 | D:10     | Found Zytapisa's Book Emporium.
 18050 | D:10     | Found Zytapisa's Book Emporium.
 18398 | D:11     | Noticed Psyche
 18405 | D:11     | Killed Psyche
 18406 | D:11     | Reached skill level 5 in Polearms
 18787 | D:11     | Reached **** piety under Hepliaklqana
 18887 | D:11     | Found a large runed translucent door.
 18888 | D:11     | Found a large runed translucent door.
 19192 | D:11     | Noticed a two-headed ogre
 19308 | D:11     | Killed a two-headed ogre
 19575 | D:12     | Noticed a boulder beetle
 19587 | D:12     | Killed a boulder beetle
 19588 | D:12     | Reached skill level 1 in Poison Magic
 19588 | D:12     | Gained mutation: A meltable icy envelope protects you from
                  | harm. (AC +8) [demonic ancestry]
 19588 | D:12     | Reached XP level 11. HP: 44/75 MP: 11/21
 20058 | Lair:1   | Entered Level 1 of the Lair of Beasts
 20574 | Lair:1   | Found a stormy altar of Qazlal.
 20584 | Lair:1   | Noticed a six-headed hydra
 20603 | Lair:1   | Killed a six-headed hydra
 20721 | Lair:1   | Noticed an eight-headed hydra
 20732 | Lair:1   | Killed an eight-headed hydra
 20947 | Lair:1   | Reached ***** piety under Hepliaklqana
 21091 | Lair:1   | Reached skill level 8 in Fighting
 21620 | Lair:2   | Noticed a five-headed hydra
 21687 | Lair:1   | HP: 3/77 [black mamba (12)]
 21975 | Lair:2   | Noticed a five-headed hydra
 21998 | Lair:1   | Killed a five-headed hydra
 22070 | Lair:1   | Killed a five-headed hydra
 22829 | Lair:2   | Found a hide-covered altar of Uskayaw.
 23297 | Lair:2   | Gained mutation: You have a pair of horns on your head.
                  | [demonic ancestry]
 23297 | Lair:2   | Reached XP level 12. HP: 84/84 MP: 16/24
 24070 | Lair:3   | Found a hole to the Spider Nest.
 24473 | Lair:3   | Noticed Urug
 25640 | Lair:3   | Got the Papyrus of Aerial Clay
 25733 | Lair:3   | Reached skill level 9 in Fighting
 26179 | Lair:3   | Reached skill level 1 in Air Magic
 26568 | Lair:3   | Found a staircase to the Swamp.
 27864 | D:3      | Killed Fama's ghost
 28175 | Lair:4   | Noticed a six-headed hydra
 28182 | Lair:4   | Killed a six-headed hydra
 28299 | Lair:4   | Learned a level 4 spell: Iskenderun's Mystic Blast
 28393 | Lair:4   | Reached skill level 1 in Translocations
 28640 | Lair:4   | Got the Volume of Entrancing Contamination
 29155 | Lair:4   | Noticed a catoblepas
 29159 | Lair:4   | Noticed a five-headed hydra
 29428 | Lair:3   | Killed a catoblepas
 29752 | Lair:3   | Killed a five-headed hydra
 29753 | Lair:3   | Gained mutation: You are mostly covered in icy blue scales.
                  | (AC +3) [demonic ancestry]
 29753 | Lair:3   | Reached XP level 13. HP: 40/90 MP: 9/26
 30410 | Lair:4   | Found a runed translucent door.
 30410 | Lair:4   | Noticed Gargoyl's ghost (journeyman GnAK)
 30512 | Lair:4   | You fall into a shaft and drop 1 floor!
 30564 | Lair:5   | Noticed Nessos
 32043 | Lair:4   | Learned a level 4 spell: Passage of Golubria
 32489 | Lair:5   | Killed Nessos
 32742 | Lair:5   | Reached skill level 5 in Invocations
 32918 | Lair:5   | Found a staircase to the Slime Pits.
 34328 | Lair:5   | Found a staircase to the Slime Pits.
 34590 | Lair:5   | Reached skill level 10 in Fighting
 35360 | Lair:6   | Entered Level 6 of the Lair of Beasts
 35532 | Lair:5   | Reached skill level 5 in Translocations
 36765 | Lair:6   | Noticed Sonja
 36798 | Lair:6   | Killed Sonja
 37144 | Lair:6   | Reached skill level 10 in Spellcasting
 37644 | Lair:6   | Gained mutation: A meltable icy envelope protects you from
                  | harm. (AC +8) [demonic ancestry]
 37644 | Lair:6   | Reached XP level 14. HP: 96/99 MP: 10/28
 38114 | Lair:6   | Reached skill level 1 in Shields
 38457 | Lair:6   | Found a burning altar of Makhleb.
 38463 | Lair:6   | Found a gateway to Hell.
 38580 | Lair:6   | Identified the +8 mace "Kereor" {vorpal, Fly}
 39194 | D:12     | Found a staircase to the Orcish Mines.
 39871 | D:11     | Reached skill level 11 in Fighting
 40398 | D:12     | Reached ****** piety under Hepliaklqana
 40993 | D:12     | Found a staircase to the Orcish Mines.
 41817 | D:13     | Noticed Maurice
 42045 | D:13     | Found Caxoubang's Armour Shop.
 42104 | D:13     | Found Pontecw's Antique Armour Shoppe.
 42322 | D:11     | Reached skill level 5 in Shields
 42728 | D:13     | Found a gate to the Vaults.
 42852 | D:13     | Killed Maurice
 42986 | D:13     | Found Guwan's Assorted Antiques.
 42991 | D:13     | Bought a fine garnet amulet for 120 gold pieces
 42991 | D:13     | Identified the amulet of Deotyo Anoff {Spirit rF+++ rC-
                  | Str+4} (You bought it in a shop on level 13 of the Dungeon)
 43006 | D:13     | Found Funaen's Antique Weapon Shoppe.
 43014 | D:13     | Bought a glowing trident for 208 gold pieces
 43088 | D:13     | Noticed Kirke
 43099 | D:13     | Killed Kirke
 45135 | D:15     | Entered Level 15 of the Dungeon
 45151 | D:15     | Found a runed translucent gate.
 45152 | D:15     | Found a runed translucent gate.
 45152 | D:15     | Noticed a war gargoyle
 45153 | D:15     | Found a runed translucent gate.
 45153 | D:15     | Noticed a sphinx
 45153 | D:15     | Noticed kulik242's ghost (adept HuBe)
 45218 | D:15     | Reached XP level 15. HP: 91/108 MP: 12/30
 45237 | D:15     | Reached skill level 12 in Fighting
 46001 | D:15     | Identified the +9 war axe of Disintegration {pain, SInv}
 47037 | D:15     | Found a staircase to the Depths.
 47697 | Lair:3   | Killed Urug
 47810 | Spider:1 | Entered Level 1 of the Spider Nest
 48200 | Lair:3   | HP: 2/109 [redback (10)]
 48200 | Lair:3   | Slain by a redback

Illustrated notes

Levels and vault maps discovered:
D:1:      dpeg_arrival_three_bigger_balls, layout_basic
D:2:      minmay_skewed_foursquare, layout_loops_ring,
          ebering_ecumenical_altar_rust
D:3:      layout_rooms, gammafunk_ghost_abyssal_escape,
          amcnicky_mini_rare_corridor_liquid, kennysheep_flooded_box,
          eino_curves_01, minmay_goblin_kobold_house
D:4:      layout_layer_cave, minitemple, minmay_bisected
D:5:      layout_loops_corners, uniq_prince_ribbit1
D:6:      layout_loops_corners, minmay_temple_entry_fiery, uniq_sigmund
D:7:      layout_rooms
D:8:      layout_basic, lemuel_doored_altar, enter_ossuary_3
D:9:      layout_grid_maze, lair_entry_dummy, hangedman_decor_opposing,
          guppyfry_early_elven_hall, uniq_maggie
D:10:     layout_irregular_city, enter_bailey_6, serial_shops,
          nicolae_shop_window_shopping, kennysheep_generic_room_5, uniq_fannar
D:11:     layout_basic, lightli_elemental_guards, uniq_psyche
D:12:     layout_cave_pools, orc_0_dummy, gauntlet_entry_generic
D:13:     layout_stronghold, erik_vaults_2, serial_shops, shop_statue, shop,
          nicolae_stop_n_shop_2, kennysheep_little_box, uniq_maurice, uniq_kirke
D:14:     layout_rooms, serial_park_square1 [serial_park_minivault_5x5_8]
D:15:     hangedman_depths_entry_civil_slaughter, layout_basic,
          serial_bayou_lagoon_a, gammafunk_ghost_split, grunt_decor_junction,
          hangedman_decor_slide_cut
Temple:   nicolae_temple_x_marks_the_god
Lair:1:   layout_roguey, basic_altar, grunt_forest_small_clearings,
          grunt_forest_small_clearing_treed
Lair:2:   layout_chaotic_city, lemuel_centaur_altar
Lair:3:   layout_regular_city, nicolae_swamp_entry_splash_gauntlet,
          dummy_spider_entry, minmay_lair_oklob_items,
          hangedman_lair_unloving_vines, st_stairs_12,
          nicolae_quartered_pool_medium, uniq_urug
Lair:4:   layout_regular_city, ebering_ghost_inner_flame, lemuel_old_faithful,
          grunt_megastairs_1, minmay_lair_oklob_chamber
Lair:5:   layout_regular_city, minmay_slime_entry_eyes, serial_bayou_shore_b,
          uniq_nessos
Lair:6:   evil_forest, layout_cave_pods, uniq_sonja
Spider:1: spiders_nest_scorpion_pit

Skill      XL: |  1  2  3  4  5  6  7  8  9 10 11 12 13 14 15 |
---------------+----------------------------------------------+-----
Fighting       | 1 2 3 4 6 7 8 9 10 11 12 | 12.3
Armour         | 1 2 3 4 5 6 7 8 9 |  9.5
Ice Magic      | 4 5 6 7 8 |  8.5
Spellcasting   | 3 4 6 7 8 9 10 11 | 11.6
Conjurations   | 3 4 5 6 7 8 |  8.0
Polearms       | 3 5 6 7 8 9 |  9.0
Necromancy     | 2 |  2.0
Invocations    | 4 6 |  6.0
Poison Magic   | 1 2 |  2.5
Air Magic      | 2 |  2.5
Translocations | 3 5 |  5.0
Shields        | 7 8 |  8.6
Dodging        | |  1.7
Stealth        | |  1.7

Action                   |  1- 3 |  4- 6 |  7- 9 | 10-12 | 13-15 || total
-------------------------+-------+-------+-------+-------+-------++-------
Melee: Dagger            |    33 |   166 |    58 |       |       ||   257
       Spear             |       |       |   184 |   506 |   300 ||   990
       Headbutt          |       |       |    37 |    88 |   126 ||   251
       Trident           |       |       |       |       |   287 ||   287
 Fire: Shortbow          |       |     4 |    51 |       |    21 ||    76
 Cast: Freeze            |    45 |    77 |    35 |   121 |   161 ||   439
       Frozen Ramparts   |       |     1 |    28 |    49 |    75 ||   153
       Ozocubu's Armour  |       |     1 |    11 |    14 |    36 ||    62
       Magic Dart        |       |       |   189 |   297 |   529 ||  1015
       Animate Skeleton  |       |       |    12 |     9 |     6 ||    27
       Hailstorm         |       |       |       |     5 |     5 ||    10
       Mephitic Cloud    |       |       |       |     1 |    61 ||    62
       Iskenderun's Myst |       |       |       |     1 |       ||     1
Invok: Recall Ancestor   |       |       |     1 |     8 |     9 ||    18
       Ancestor Life: He |       |       |     1 |       |       ||     1
       Idealise          |       |       |       |     3 |     1 ||     4
Evoke: Wand              |       |       |       |     3 |       ||     3
  Use: Potion            |       |     1 |       |     2 |     4 ||     7
       Scroll            |       |       |    15 |    10 |     4 ||    29
 Stab: Sleeping          |     3 |     3 |     1 |     1 |       ||     8
       Confused          |       |       |     2 |     6 |    27 ||    35
       Distracted        |       |       |     2 |     3 |     4 ||     9
       Paralysed         |       |       |       |       |     1 ||     1
Armor: Robe              |    12 |    15 |       |       |       ||    27
       Leather armour    |       |    51 |    73 |       |       ||   124
       Steam dragon scal |       |       |   109 |   224 |   294 ||   627
Dodge: Dodged            |    46 |   188 |   211 |   237 |   306 ||   988
Block: Other             |       |       |       |    80 |    35 ||   115
       Kite shield       |       |       |       |       |   276 ||   276

Table legend: (Time is in decaauts)
 A = Elapsed time spent in this place.
 B = Non-inter-level travel time spent in this place.
 C = Inter-level travel time spent in this place.
 D = Time resting spent in this place.
 E = Time spent auto-exploring this place.
 F = Levels seen in this place.
 G = Mean time per level.
                   A        B        C        D        E       F      G
               +--------+--------+--------+--------+--------+-----+--------+
         Total |  48162 |  45594 |   2568 |  19877 |  16478 |  24 | 2006.8 |
       Dungeon |  28736 |  26958 |   1778 |  10164 |  10966 |  15 | 1915.7 |
        Temple |     74 |     74 |      0 |      0 |      0 |   1 |   74.0 |
          Lair |  18620 |  17831 |    789 |   9299 |   5512 |   6 | 3103.3 |
   Spider Nest |     14 |     14 |      0 |      0 |      0 |   1 |   14.0 |
       Ossuary |    715 |    715 |      0 |    414 |      0 |   1 |  715.0 |
               +--------+--------+--------+--------+--------+-----+--------+

Top non-repeatable levels by time:
  Lair:3: 4034 daAuts
  Lair:4: 4032 daAuts
  Lair:6: 2968 daAuts
     D:5: 2917 daAuts
     D:4: 2811 daAuts
    D:11: 2712 daAuts
  Lair:5: 2655 daAuts
  Lair:2: 2648 daAuts
     D:6: 2415 daAuts
  Lair:1: 2280 daAuts
    D:13: 2115 daAuts
     D:9: 2052 daAuts
    D:12: 2046 daAuts
    D:14: 1819 daAuts
    D:10: 1756 daAuts
